 Dungeon Crawl Stone Soup version 0.30.0-20-g3615ddf2f0 (webtiles) character file.

Game seed: 12504103787215599168

9 qw the Shield-Bearer (level 2, -2/19 HPs)
             Began as a Gargoyle Fighter on May 29, 2023.
             Slain by a gnoll
             ... wielding a +2 heavy flail
              (8 damage)
             ... on level 2 of the Dungeon.
             The game lasted 00:00:17 (574 turns).

qw the Shield-Bearer (Gargoyle Fighter)              Turns: 574, Time: 00:00:18

Health: -2/19      AC: 11    Str: 19    XL:     2   Next: 16%
Magic:  0/2        EV:  7    Int:  8    God:
Gold:   56         SH:  4    Dex:  9    Spells: 1/1 levels left

rFire   . . .        Y - +0 war axe
rCold   . . .        c - +0 buckler
rNeg    + . .        e - +0 chain mail
rPois   inf          (no helmet)
rElec   +            (no cloak)
rCorr   .            (no gloves)
SInv    +            (no boots)
Will    .....        h - amulet of guardian spirit Stlth
                     b - ring of see invisible
HPRegen 0.23/turn    (no ring)
MPRegen 0.08/turn

%: guardian spirit
@: weak-willed
A: sickness immunity, AC +2, negative energy resistance 1, electricity
resistance, torment resistance 1, petrification resistance
a: no special abilities


You were on level 2 of the Dungeon.
You visited 1 branch of the dungeon, and saw 2 of its levels.

You collected 56 gold pieces.


Innate Abilities, Weirdness & Mutations

You are immune to sickness and miasma.
Your stone body is resilient. (AC +2)
You are immune to poison.
You resist negative energy. (rN+)
You are resistant to electric shocks. (rElec)
You are resistant to unholy torment.
You are immune to petrification.


   Skills:
 - Level 3.2 Fighting
 + Level 2.5 Axes
 - Level 3.2 Armour
 - Level 3.2 Shields


You had one spell level left.
You didn't know any spells.
Your spell library was empty.

Inventory:

Hand Weapons
 Y - a +0 war axe (weapon)
Armour
 c - a +0 buckler (worn)
 e - a +0 chain mail (worn)
Jewellery
 b - a ring of see invisible (left hand)
 h - an amulet of guardian spirit (around neck)
Scrolls
 a - a scroll of identify
Potions
 d - a potion of might
 g - 2 potions of curing
 j - a potion of haste {unknown}

Dungeon Overview and Level Annotations

Branches:
Dungeon (2/15)

Altars:


Message History

Where to? (* - list waypoints, Enter - D:1, ? - help)
What level of the Dungeon? (default 1, ? - help)
There is a stone staircase leading down here.
You climb downwards.
There is a stone staircase leading up here.
A gnoll comes into view. It is wielding a +0 club.
The gnoll shouts!
You hear a shout! x2
A gnoll comes into view. It is wielding a +0 whip.
563 ||| Stepping ~*~*~tactically~*~*~ (stealth).
There is a stone staircase leading up here.
You completely miss the gnoll. The gnoll closely misses you.
A gnoll comes into view. It is wielding a +2 heavy flail.
You hit the gnoll.
The gnoll is heavily wounded.
The gnoll hits you but does no damage. x2
You closely miss the gnoll.
The gnoll is heavily wounded.
The gnoll hits you with a +0 club.
You closely miss the gnoll.
The gnoll is heavily wounded.
The gnoll hits you but does no damage.
You hit the gnoll.
The gnoll is severely wounded.
The gnoll barely misses you.
You hit the gnoll.
The gnoll is almost dead.
You hit the gnoll. You block the gnoll's attack.
The gnoll hits you but does no damage.
You closely miss the gnoll.
The gnoll is almost dead.
You closely miss the gnoll. The gnoll hits you with a +0 club.
The gnoll hits you with a +2 heavy flail!
The gnoll hits you but does no damage.
You hit the gnoll.
You kill the gnoll!
You hit the gnoll.
The gnoll hits you with a +2 heavy flail!
You die...

######[.##.##... #
.......[.....#.### .#
#######.............#
###.>.....####.##
...........#.....#
............#.....#
.....#......#.....#.
.....#......<.......
.....#..!..@)....###
.... #.###.#g###.# #.
#.#.g. .. #. ........
. ...........
##..#.......
#..#....... ###
.......


You could see 2 gnolls.

Vanquished Creatures
  A gnoll (D:2)
  An endoplasm (D:1)
  A giant cockroach (D:1)
  3 goblins (D:1)
  A hobgoblin (D:1)
  A ball python (D:1)
  A bat (D:1)
  A kobold (D:1)
  A rat (D:1)
11 creatures vanquished.

Notes
Turn   | Place    | Note
-------+----------+-------------------------------------------
     0 | D:1      | qw the Gargoyle Fighter began the quest for the Orb.
     0 | D:1      | Reached XP level 1. HP: 14/14 MP: 1/1
     0 | D:1      | 0 ||| qw: Version: 0.2-a-102-g2b76a06
     0 | D:1      | 0 ||| qw: Game counter: 438
     0 | D:1      | 0 ||| qw: Always use a shield: true
     0 | D:1      | 0 ||| qw: God list: Okawaru
     0 | D:1      | 0 ||| qw: Allow faded altars: false
     0 | D:1      | 0 ||| qw: Do Orc after D:15 true
     0 | D:1      | 0 ||| qw: Do second Lair branch before Depths: true
     0 | D:1      | 0 ||| qw: Lair rune preference: random
     0 | D:1      | 0 ||| qw: Plans: Normal, Zot:1-4, Slime:5, God:TSO, Crypt,
                  | Tomb, Pan, Hells, Abyss, Win
     0 | D:1      | 0 ||| PLANNING D:1-11
    35 | D:1      | You fall into a shaft and drop 1 floor!
    36 | D:2      | 36 ||| UPGRADING to +0 chain mail.
    46 | D:2      | 46 ||| DROPPING +0 scale mail.
   242 | D:1      | Reached XP level 2. HP: 17/19 MP: 2/2
   538 | D:1      | 538 ||| UPGRADING to amulet of guardian spirit.
   543 | D:1      | 543 ||| UPGRADING to ring of see invisible.
   544 | D:1      | 544 ||| READING 2 scrolls labelled PUDULYCASS.
   545 | D:1      | 545 ||| READING scroll labelled NEYXEO POPH.
   546 | D:1      | 546 ||| READING scroll labelled SUUTHI REREFF.
   547 | D:1      | 547 ||| DRINKING 3 pink potions.
   563 | D:2      | 563 ||| Stepping ~*~*~tactically~*~*~ (stealth).
   574 | D:2      | Slain by a gnoll

Levels and vault maps discovered:
D:1:      psy_arrival_statuary, layout_basic
D:2:      layout_basic, amcnicky_mini_corridor_feature,
          chequers_serial_rivers_micro_c

Skill      XL: |  1 |
---------------+----+-----
Axes           | 2 |  2.5
Fighting       | |  3.2
Armour         | |  3.2
Shields        | |  3.2

Action                     || total
---------------------------++-------
  Melee: War axe           ||    26
    Use: Scroll            ||     3
         Potion            ||     1
 Armour: Scale mail        ||     4
         Chain mail        ||     8
  Dodge: Dodged            ||     7
  Block: Buckler           ||     3

Table legend:
 A = Non-vault XP
 B = Vault XP
 C = Vault XP percentage of total XP
 D = Non-vault monster count
 E = Vault monster count
 F = Vault count percentage of total count
                 A         B        C        D         E       F
            +---------+---------+-------+---------+---------+-------
      Total |      28 |       0 |   0.0 |      11 |       0 |   0.0
            +---------+---------+-------+---------+---------+-------
        D:1 |      14 |       0 |   0.0 |      10 |       0 |   0.0
        D:2 |      14 |       0 |   0.0 |       1 |       0 |   0.0
            +---------+---------+-------+---------+---------+-------
